 Dungeon Crawl Stone Soup version 0.24.0-37-gcf1ca852f1 (webtiles) character file.

Game seed: 18327385219826266805, levelgen mode: deterministic

10640 Peloso the Carver (level 11, -2/94 HPs)
             Began as a Minotaur Fighter on Nov 21, 2019.
             Was a High Priest of Okawaru.
             Slain by a 13-headed hydra (4 damage)
             ... on level 2 of the Lair of Beasts.
             The game lasted 00:18:39 (9832 turns).

Peloso the Carver (Minotaur Fighter)                Turns: 9832, Time: 00:18:40

Health: -2/94      AC: 14    Str: 23    XL:     11   Next: 38%
Magic:  18/19      EV: 17    Int:  5    God:    Okawaru [*****.]
Gold:   461        SH: 15    Dex: 13    Spells: 10/10 levels left

rFire    . . .     SeeInvis +   a - +3 long sword (elec)
rCold    . . .     Gourm    .   c - +0 shield
rNeg     . . .     Faith    .   B - +2 ring mail of Kilesm {MR++ Dex+2}
rPois    .         Spirit   .   (helmet restricted)
rElec    .         Reflect  .   (no cloak)
rCorr    .         Harm     .   k - +1 pair of gloves
MR       ++...                  e - +0 pair of boots
Stlth    +++.......             (no amulet)
HPRegen  0.25/turn              C - ring of see invisible
MPRegen  0.16/turn              x - ring of magical power

@: heroism
A: retaliatory headbutt, horns 2
a: Heroism, Finesse, Renounce Religion


You were on level 2 of the Lair of Beasts.
You worshipped Okawaru.
Okawaru was extremely pleased with you.
You were not hungry.

You visited 3 branches of the dungeon, and saw 14 of its levels.

You collected 636 gold pieces.
You spent 175 gold pieces at shops.

Inventory:

Hand Weapons
 a - a +3 long sword of electrocution (weapon)
Armour
 b - a +0 chain mail
 c - a +0 shield (worn)
 e - a +0 pair of boots (worn)
 k - a +1 pair of gloves (worn)
 B - the +2 ring mail of Kilesm (worn) {MR++ Dex+2}
   (You found it on level 10 of the Dungeon)

   It affects your dexterity (+2).
   It affects your resistance to hostile enchantments.
Jewellery
 p - an uncursed ring of wizardry
 x - a ring of magical power (right hand)
 C - a ring of see invisible (left hand)
Wands
 t - a wand of iceblast (26)
 v - a wand of random effects (14)
 y - a wand of digging (10)
Scrolls
 g - 2 scrolls of identify
 i - 3 scrolls of blinking
 l - 2 scrolls of magic mapping
 o - 7 scrolls of remove curse
 q - a scroll of enchant weapon
 r - 4 scrolls of enchant armour
 w - 2 scrolls of teleportation
 A - a scroll of silence
Potions
 d - 2 potions of might
 h - 2 potions of curing
 j - 2 potions of invisibility
 m - 2 potions of agility
 n - 2 potions of flight
 s - 3 potions of haste
 u - 2 potions of ambrosia
 z - 6 potions of heal wounds
Comestibles
 f - 17 rations


   Skills:
 + Level 8.2(13.2) Fighting
 + Level 12.2(17.2) Long Blades
 + Level 9.7(14.7) Armour
 + Level 5.5(10.5) Dodging
 + Level 1.3(6.3) Stealth
 + Level 12.0(17.0) Shields
 + Level 1.2 Invocations


You had 10 spell levels left.
You didn't know any spells.
Your spell library contained the following spells:

 Spells                   Type           Power        Failure   Level  Hunger
 Animate Skeleton         Necr           N/A          58%         1    ##.....
 Apportation              Tloc           #.....       58%         1    ##.....
 Beastly Appendage        Tmut           #.....       58%         1    ##.....
 Confusing Touch          Hex            #.....       58%         1    ##.....
 Summon Small Mammal      Summ           #...         58%         1    ##.....
 Sticks to Snakes         Tmut           #.......     73%         2    ###....
 Confuse                  Hex            #.......     91%         3    ####...
 Gell's Gravitas          Tloc           #.........   91%         3    ####...
 Spider Form              Tmut/Pois      #.........   91%         3    ####...
 Ice Form                 Ice/Tmut       #.......     100%        4    #####..
 Petrify                  Tmut/Erth      #.......     100%        4    #####..
 Blade Hands              Tmut           #.........   100%        5    ######.
 Metabolic Englaciation   Hex/Ice        #.........   100%        5    ######.
 Yara's Violent Unravell  Hex/Tmut       #.........   100%        5    ######.


Dungeon Overview and Level Annotations

Branches:
Dungeon (11/15)            Temple (1/1) D:6            Lair (2/6) D:8
    Orc (0/2) D:10
  Swamp: Lair:2-4    Shoals: Lair:2-4     Snake: Lair:2-4    Spider: Lair:2-4

Altars:
Ashenzari
Cheibriados
Dithmenos
Elyvilon
Fedhas
Gozag
Kikubaaqudgha
Makhleb
Nemelex Xobeh
Okawaru
Qazlal
Ru
Sif Muna
Trog
Uskayaw
Vehumet
Wu Jian
Xom
Yredelemnul
Zin
The Shining One
Beogh

Shops:
D:5 (


Innate Abilities, Weirdness & Mutations

You reflexively headbutt those who attack you in melee.
You have a pair of horns on your head.


Message History

The 12-headed hydra is heavily wounded.
The 12-headed hydra bites you but does no damage.
The 12-headed hydra misses you. You block the 12-headed hydra's attack.
The 12-headed hydra closely misses you. You block the 12-headed hydra's attack.
The 12-headed hydra completely misses you.
The 12-headed hydra barely misses you. You block the 12-headed hydra's attack.
The 12-headed hydra barely misses you. The 12-headed hydra bites you.
* * * LOW HITPOINT WARNING * * *
The 12-headed hydra completely misses you.
The 12-headed hydra closely misses you.
You hack one of the 12-headed hydra's heads off!
The 11-headed hydra grows two more!
You slice the 13-headed hydra!!
Lightning courses through the 13-headed hydra!
Your headbutt misses the 13-headed hydra.
The 13-headed hydra is almost dead.
You block the 13-headed hydra's attack. x3; The 13-headed hydra bites you!
* * * LOW HITPOINT WARNING * * *
The 13-headed hydra completely misses you.
The 13-headed hydra bites you.
You die...

....... .. ### ##
....... . .. ##.###.
#...#.
.....#P....##...###..PP.
..>..+......#....#......
......#....##....#......
.....#.....##...........
......#.D...+...PP......
#.@P####....##..##÷
..##...#P....######.#
.............†....†....
....................÷..
.......................
.......................
..#...P..........######
..##.####........P# #..
#...........


You could see a 13-headed hydra.

Vanquished Creatures
  A hydra (Lair:2)
  An unseen horror (D:11)
  An ugly thing (D:11)
  A manticore (D:9)
  5 elephants (Lair:2)
  A black mamba (Lair:2)
  Joseph (D:9)
  A komodo dragon (Lair:2)
  A hornet (D:10)
  3 hippogriffs
  Sigmund (D:6)
  A shadow (D:11)
  A wyvern (D:9)
  4 hungry ghosts
  2 water moccasins (Lair:2)
  Duvessa (D:7)
  2 ice beasts
  3 orc warriors
  4 sky beasts
  An ogre (D:11)
  4 centaurs
  3 big kobolds
  6 bullfrogs
  2 gnoll sergeants
  Dowan (D:7)
  3 scorpions
  6 killer bees (D:8)
  A lava snake (D:10)
  6 crimson imps
  A centaur zombie (D:9)
  4 hounds
  2 jellies (D:10)
  12 orc priests
  3 bullfrog skeletons
  4 iguanas
  12 orc wizards
  Natasha (twice) (D:4)
  6 worker ants
  A hound zombie (D:6)
  10 adders
  12 gnolls
  A shadow imp (D:9)
  An ooze (D:6)
  2 adder zombies
  An adder skeleton (D:4)
  A worm (D:2)
  2 dart slugs
  2 leopard geckos
  55 orcs
  4 bats
  A giant cockroach (D:5)
  6 goblins
  4 hobgoblins
  5 jackals
  3 quokkas
  4 frilled lizards
  A jackal zombie (D:5)
  17 kobolds
  A leopard gecko skeleton (D:5)
  3 rats
251 creatures vanquished.

Vanquished Creatures (others)
  A fungus (D:5)
  A plant (D:5)
2 creatures vanquished.

Grand Total: 253 creatures vanquished

Notes
Turn   | Place    | Note
-------+----------+-------------------------------------------
     0 | D:1      | Peloso the Minotaur Fighter began the quest for the Orb.
     0 | D:1      | Reached XP level 1. HP: 19/19 MP: 0/0
   323 | D:1      | Reached XP level 2. HP: 27/27 MP: 1/1
   871 | D:2      | Reached XP level 3. HP: 28/33 MP: 2/2
  1519 | D:3      | You fall into a shaft and drop 1 floor!
  1564 | D:4      | Reached skill level 1 in Dodging
  1564 | D:4      | Reached XP level 4. HP: 18/40 MP: 3/3
  1566 | D:4      | Reached XP level 5. HP: 21/46 MP: 4/4
  2033 | D:4      | Reached skill level 5 in Shields
  2149 | D:4      | Noticed Natasha
  2156 | D:4      | Killed Natasha
  2175 | D:4      | Reached XP level 6. HP: 43/52 MP: 5/5
  2241 | D:4      | Noticed Natasha
  2250 | D:4      | Killed Natasha
  2963 | D:5      | Entered Level 5 of the Dungeon
  2991 | D:5      | Found an ancient bone altar of Kikubaaqudgha.
  3004 | D:5      | Reached skill level 5 in Armour
  3024 | D:5      | Reached skill level 5 in Long Blades
  3028 | D:5      | HP: 2/53 [something/puff of flame (7)]
  3349 | D:5      | Found Uskiom Olodgh's Antique Weapon Emporium.
  3359 | D:5      | Bought a glowing long sword for 175 gold pieces
  3431 | D:5      | Reached XP level 7. HP: 60/60 MP: 6/6
  3928 | D:5      | Found a shattered altar of Ashenzari.
  3932 | D:5      | Saw a vision of the Swamp and the Spider Nest.
  3932 | D:5      | Noticed a redback
  3932 | D:5      | Noticed a redback
  3934 | D:5      | Noticed a redback
  3934 | D:5      | Noticed an alligator
  4000 | D:6      | Found a staircase to the Ecumenical Temple.
  4016 | Temple   | Entered the Ecumenical Temple
  4198 | Temple   | Became a worshipper of Warmaster Okawaru
  4512 | D:5      | Reached skill level 5 in Fighting
  4629 | D:5      | Reached XP level 8. HP: 54/68 MP: 7/7
  4788 | D:6      | Found an opulent altar of Gozag.
  4789 | D:6      | Found an ancient bone altar of Kikubaaqudgha.
  4946 | D:6      | Reached * piety under Okawaru
  5031 | D:6      | Noticed Sigmund
  5041 | D:6      | Killed Sigmund
  5265 | D:7      | Noticed Duvessa
  5265 | D:7      | Noticed Dowan
  5276 | D:7      | Killed Duvessa
  5282 | D:7      | Killed Dowan
  5333 | D:7      | Reached ** piety under Okawaru
  5638 | D:7      | Found a glowing golden altar of the Shining One.
  6109 | D:8      | Reached skill level 1 in Stealth
  6268 | D:8      | Reached XP level 9. HP: 69/74 MP: 8/8
  6446 | D:8      | Found a bloodstained altar of Trog.
  6570 | D:8      | Found a staircase to the Lair.
  6845 | D:9      | Noticed a manticore
  6853 | D:9      | Killed a manticore
  6853 | D:9      | Reached *** piety under Okawaru
  7316 | D:9      | Noticed Joseph
  7328 | D:9      | Killed Joseph
  7328 | D:9      | Reached skill level 10 in Shields
  7469 | D:9      | Reached skill level 10 in Long Blades
  7493 | D:9      | Found a blossoming altar of Fedhas.
  7632 | D:9      | Reached XP level 10. HP: 83/83 MP: 9/9
  7886 | D:10     | Entered Level 10 of the Dungeon
  7888 | D:10     | Got a translucent ring mail
  8135 | D:10     | Reached **** piety under Okawaru
  8270 | D:10     | Found a staircase to the Orcish Mines.
  8523 | D:10     | Found a roughly hewn altar of Beogh.
  8646 | D:10     | Identified the +2 ring mail of Kilesm {MR++ Dex+2} (You
                  | found it on level 10 of the Dungeon)
  8730 | D:11     | Found a shimmering blue altar of Sif Muna.
  8793 | D:11     | Noticed an unseen horror
  8816 | D:11     | Killed an unseen horror
  8816 | D:11     | Reached ***** piety under Okawaru
  9030 | D:11     | Noticed a brown ugly thing
  9044 | D:11     | Killed a brown ugly thing
  9044 | D:11     | Received a gift from Okawaru
  9287 | Lair:1   | Entered Level 1 of the Lair of Beasts
  9432 | Lair:1   | Noticed a black mamba
  9435 | Lair:1   | You fall into a shaft and drop 1 floor!
  9451 | Lair:2   | Noticed a six-headed hydra
  9464 | Lair:2   | Killed a nine-headed hydra
  9464 | Lair:2   | Reached XP level 11. HP: 85/93 MP: 10/10
  9481 | Lair:2   | Reached skill level 5 in Dodging
  9525 | Lair:2   | Reached skill level 1 in Invocations
  9817 | Lair:2   | Noticed a six-headed hydra
  9832 | Lair:2   | HP: 2/94 [13-headed hydra (9)]
  9832 | Lair:2   | Slain by a 13-headed hydra

Levels and vault maps discovered:
D:1:      erik_arrival_cave_to_civilisation [erik_arrival_cave_to_temple],
          layout_basic
D:2:      layout_loops_ring, first_ration
D:3:      layout_basic
D:4:      layout_basic, uniq_natasha
D:5:      layout_gridville, basic_altar, serial_shops, nicolae_shop_statue_plus,
          grunt_ashenzari_visionary [grunt_ashenzari_visionary_swamp,
          grunt_ashenzari_visionary_spider]
D:6:      layout_loops_cross, gammafunk_temple_overflow_statue,
          minmay_temple_entry_waves, sigmund_army, uniq_sigmund
D:7:      layout_basic, basic_altar, uniq_duvessa
D:8:      layout_gridville, lemuel_crystal_altar, lair_entry_dummy
D:9:      layout_basic, fedhas_altar_1, uniq_joseph
D:10:     layout_big_octagon, minmay_orc_entry_temple_small
D:11:     layout_roguey, serial_curves, eino_curves_04, eino_curves_02,
          basic_altar
Temple:   hc_temple_tempest_star
Lair:1:   layout_roguey, uniq_nergalle
Lair:2:   layout_regular_city

Skill      XL: |  1  2  3  4  5  6  7  8  9 10 11 |
---------------+----------------------------------+-----
Shields        | 4 5 6 7 8 10 11 12 | 12.0
Armour         | 4 5 6 7 8 9 |  9.7
Fighting       | 4 5 6 7 8 |  8.2
Long Blades    | 3 4 5 6 8 10 11 12 | 12.2
Dodging        | 1 2 3 4 5 |  5.5
Stealth        | 1 |  1.3
Invocations    | 1 |  1.2

Action                   |  1- 3 |  4- 6 |  7- 9 | 10-12 || total
-------------------------+-------+-------+-------+-------++-------
Melee: Long sword        |    78 |    15 |   275 |   228 ||   596
       Headbutt          |    10 |    19 |    55 |    57 ||   141
       Falchion          |       |   115 |       |       ||   115
Invok: Heroism           |       |       |       |     4 ||     4
       Finesse           |       |       |       |     1 ||     1
  Use: Potion            |     4 |     1 |     1 |       ||     6
       Scroll            |     4 |     2 |     4 |     4 ||    14
  Eat: Chunk             |     2 |     6 |    10 |    10 ||    28
       Ration            |       |       |     1 |       ||     1
Armor: Scale mail        |    32 |    12 |       |       ||    44
       Chain mail        |       |    50 |   158 |    54 ||   262
       Ring mail         |       |       |       |    56 ||    56
Dodge: Dodged            |    26 |    28 |    86 |   118 ||   258
Block: Shield            |    42 |    66 |   191 |   188 ||   487
       Rpst.: Long sword |     7 |     3 |    19 |    22 ||    51
       Falchion          |       |     5 |       |       ||     5
